 Dungeon Crawl Stone Soup version 0.31-a0-920-g28cbb04a8c (webtiles) character file.

Game seed: 7695797324158913545

13733 pokeman the Eclecticist (level 11, 0/85 (90) HPs)
             Began as a Deep Elf Hedge Wizard on Oct 18, 2023.
             Was a Priest of Vehumet.
             Succumbed to Nergalle's poison
             ... on level 10 of the Dungeon.
             The game lasted 00:34:05 (12607 turns).

pokeman the Eclecticist (Deep Elf Hedge Wizard)    Turns: 12607, Time: 00:34:05

HP:   0/85 (90)     AC: 25    Str: 13    XL:     11   Next: 79%
MP:   29/32         EV:  2    Int: 28    God:    Vehumet [***...]
Gold: 538           SH:  0    Dex: 12    Spells: 30/41 levels left

rFire   . . .        y - +10 orcbow "Ultimatum" {speed, Int+4 Dex-2 Stlth+}
rCold   . . .        (shield currently unavailable)
rNeg    . . .        I - melded +7 toga "Victory" {*Victory Int+7 Slay+7 Clar}
rPois   +            H - melded +2 helmet
rElec   .            (cloak currently unavailable)
rCorr   .            (gloves currently unavailable)
SInv    .            (boots currently unavailable)
Will    +....        o - amulet of magic regeneration
Stlth   +++          N - +6 ring of strength
HPRegen 0.34/turn    (no ring)
MPRegen 0.63/turn

%: no passive effects
@: lethally poisoned (0 -> -3), tree-form, on blink cooldown, drained
A: stationary, stasis, torment immunity, boosted hp
a: Renounce Religion


You were on level 10 of the Dungeon.
You worshipped Vehumet.
Vehumet was most pleased with you.
You were a tree.
You visited 2 branches of the dungeon, and saw 11 of its levels.
You also visited: Bailey.

You collected 725 gold pieces.
You spent 187 gold pieces at shops.

Inventory:

Hand Weapons
 j - a +1 whip of venom
 y - the +10 orcbow "Ultimatum" (weapon) {speed, Int+4 Dex-2 Stlth+}
   (You bought it in a shop on level 2 of the Dungeon)

   Int+4:     It affects your intelligence (+4).
   Dex-2:     It affects your dexterity (-2).
   Stlth+:    It makes you more stealthy.
 M - the +6 short sword "Beetleslayer" {heavy, Drain rC++ Dex+2}
   (You found it on level 9 of the Dungeon)

   Dex+2:     It affects your dexterity (+2).
   rC++:      It greatly protects you from cold.
   Drain:     It drains your maximum health when unequipped.
Missiles
 A - 6 curare-tipped darts
Armour
 m - a +2 kite shield
 n - an orb of light
 F - +1 steam dragon scales
 H - a +2 helmet (melded)
 I - the +7 toga "Victory" (melded) {*Victory Int+7 Slay+7 Clar}
   (You found it in a bailey)

   *Victory:  When the wearer kills a threatening monster, it has a chance to
   gain +1 AC, +1 Slay, and +1 Int, capping at +7.
   When the wearer uses a scroll or a potion with a hostile monster in sight,
   its bonuses reset to +0.
   Unequipping it also resets its bonuses to +0.
   Int+7:     It affects your intelligence (+7).
   Slay+7:    It affects your accuracy & damage with ranged weapons and melee
   (+7).
   Clar:      It protects you from confusion, rage, mesmerisation and fear.
Jewellery
 e - an amulet of reflection
 o - an amulet of magic regeneration (around neck)
 s - a ring of fire
 C - a ring of fire
 N - a +6 ring of strength (left branch)
Wands
 D - a wand of paralysis (23)
 K - a wand of polymorph (13)
 L - a wand of flame (9)
Scrolls
 c - 2 scrolls of fear {unknown}
 f - 3 scrolls of fog {unknown}
 g - 2 scrolls of enchant weapon {unknown}
 i - 13 scrolls of identify {unknown}
 k - 2 scrolls of amnesia {unknown}
 l - 3 scrolls of teleportation {unknown}
 p - 2 scrolls of summoning {unknown}
 r - a scroll of silence {unknown}
 u - 3 scrolls of enchant armour {unknown}
 z - 4 scrolls of noise {unknown}
 B - a scroll of revelation {unknown}
 G - a scroll of acquirement
 J - a scroll of poison {unknown}
 P - 3 scrolls of blinking {unknown}
Potions
 a - 2 potions of ambrosia {unknown}
 b - a potion of might {unknown}
 d - 3 potions of magic
 h - 4 potions of lignification
 q - 2 potions of attraction {unknown}
 t - 2 potions of degeneration {unknown}
 v - a potion of mutation {unknown}
 w - 2 potions of enlightenment {unknown}
 x - 4 potions of heal wounds {unknown}
 E - a potion of curing {unknown}
 O - a potion of haste {unknown}


   Skills:
 - Level 3.0 Fighting
 + Level 3.4 Armour
 - Level 3.2 Dodging
 - Level 3.2 Stealth
 - Level 5.0 Shields
 * Level 15.9 Spellcasting
 + Level 9.4 Conjurations
 - Level 1.1 Summonings
 - Level 1.1 Translocations
 - Level 1.0 Transmutations
 + Level 8.9 Fire Magic
 - Level 1.0 Air Magic
 - Level 1.0 Poison Magic
 - Level 1.0 Evocations


You had 30 spell levels left.
You knew the following spells:

 Your Spells              Type           Power      Damage    Failure   Level
a - Magic Dart            Conj           100%       1d8       1%          1
b - Mephitic Cloud        Conj/Pois/Air  43%        N/A       1%          3
c - Call Imp              Summ           56%        N/A       1%          2
d - Blink                 Tloc           56%        N/A       1%          2
e - Ignite Poison         Fire/Tmut/Pois 43%        N/A       1%          3

Your spell library contained the following spells:

 Spells                   Type           Power      Damage    Failure   Level
 Scorch                   Fire           100%       2d9       1%          2
 Sting                    Tmut/Pois      100%       1d8       1%          1
 Lesser Beckoning         Tloc           56%        N/A       1%          2
 Poisonous Vapours        Pois/Air       56%        N/A       1%          2
 Sticky Flame             Conj/Fire      65%        2d8       1%          4
 Arcjolt                  Conj/Air       25%        1d35      1%          5
 Slow                     Hex            88%        N/A       2%          1
 Cigotuvi's Dreadful Rot  Necr/Pois/Air  52%        N/A       2%          2
 Wereblood                Tmut           28%        N/A       2%          2
 Sublimation of Blood     Necr           22%        N/A       3%          2
 Gell's Gravitas          Tloc           28%        N/A       4%          3
 Teleport Other           Tloc           28%        N/A       4%          3
 Olgreb's Toxic Radiance  Pois           28%        N/A       4%          4
 Ozocubu's Armour         Ice            22%        N/A       7%          3
 Vhi's Electric Charge    Tloc/Air       56%        N/A       14%         4
 Alistair's Intoxication  Tmut/Pois      18%        N/A       36%         5
 Eringya's Noxious Bog    Tmut/Pois      14%        4d6       45%         6
 Borgnjor's Vile Clutch   Necr/Erth      11%        N/A       52%         5
 Metabolic Englaciation   Hex/Ice        11%        N/A       52%         5
 Ignition                 Fire           32%        3d10      63%         8
 Simulacrum               Ice/Necr       11%        N/A       98%         6
 Ozocubu's Refrigeration  Ice            11%        4d9       98%         7
 Summon Hydra             Summ           14%        N/A       100%        7
 Maxwell's Capacitive Co  Air            14%        ∞         100%        8


Dungeon Overview and Level Annotations

Branches:
Dungeon (10/15)            Temple (1/1) D:6            Lair (0/5) D:9
 Bailey (visited)
    Orc: D:9-12

Altars:
Ashenzari
Cheibriados
Dithmenos
Elyvilon
Fedhas
Gozag
Hepliaklqana
Kikubaaqudgha
Makhleb
Nemelex Xobeh
Okawaru
Qazlal
Ru
Sif Muna
Trog
Uskayaw
Vehumet
Wu Jian
Xom
Yredelemnul
Zin
The Shining One

Shops:
D:2 (   D:6 (

Annotations:
D:6 3 runed translucent doors, CowFu's ghost, novice GnDe
D:10 exclusion: ice statue, Nergalle


Message History

Unknown command.
Fire: y) +10 orcbow "Ultimatum" {speed, Int+4 Dex-2 Stlth+}
Press: ? - help, Q - select action, (/) - cycle Shift-Dir - straight line, f - Nergalle
Aim: Nergalle, wielding a +1 dagger of venom and wearing a +0 robe (flame, lightly wounded, 68% to hit)
You shoot an arrow. The arrow hits Nergalle!
Nergalle is moderately wounded.
Nergalle is engulfed in blazing flames.
Nergalle closely misses you.
The spectral orc warlord hits you from afar with a +1 glaive!!
* * * LOW HITPOINT WARNING * * *
Unknown command.
Fire: y) +10 orcbow "Ultimatum" {speed, Int+4 Dex-2 Stlth+}
Press: ? - help, Q - select action, (/) - cycle Shift-Dir - straight line, f/p - Nergalle
Aim: Nergalle, wielding a +1 dagger of venom and wearing a +0 robe (flame, moderately wounded, 68% to hit)
You shoot an arrow. The arrow closely misses Nergalle.
The arrow hits the spectral orc knight but does no damage.
The spectral orc warrior hits you.
* * * LOW HITPOINT WARNING * * *
Nergalle is engulfed in blazing flames.
Nergalle hits you but does no damage.
You are lethally poisoned!
The spectral orc knight is engulfed in blazing flames.
The spectral orc warlord hits you but does no damage.
Okay, then.
Unknown command.
Casting: Ignite Poison (safe; 1% risk of failure)
Confirm with . or Enter, or press ? or * to list all spells.
You blink.
Found 12 stones.
Found an escape hatch in the floor.
* * * LOW HITPOINT WARNING * * *
You feel sick.
Nergalle is engulfed in blazing flames.
Unknown command.
Unknown command.
Fire: y) +10 orcbow "Ultimatum" {speed, Int+4 Dex-2 Stlth+}
Press: ? - help, Q - select action, (/) - cycle Shift-Dir - straight line, f/p - Nergalle
Aim: Nergalle, wielding a +1 dagger of venom and wearing a +0 robe (flame, almost dead, 68% to hit)
Okay, then.
Unknown command.
It was a potion of lignification.
You turn into a tree.
Your +2 helmet melds into your body.
The +7 toga "Victory" {*Victory Int+7 Slay+7 Clar} melds into your body.
Your roots penetrate the ground.
You die...

#....# ####.#####
######'# ###.(......#
#....).. ..........#
###....... #........#
##.'.......
#........###..#.......
#........##ZZ##.......
#(......°oZ§###.......
#>...♣...#### #.......
#........# #.......
########## #.......
########


You could see Nergalle, a spectral orc warrior (summoned), a spectral orc knight
(summoned) and a spectral orc warlord (summoned).

Vanquished Creatures
  Erolcha (D:9)
  2 two-headed ogres
  Erica (D:8)
  3 death yaks (D:9)
  Sonja (D:10)
  Amaemon (D:8)
  An orc knight (Bailey)
  An orange demon (D:8)
  2 kobold demonologists (Bailey)
  Maggie (D:8)
  A komodo dragon (D:10)
  A troll (D:10)
  A hornet (D:8)
  Prince Ribbit (D:6)
  2 wyverns
  Eustachio (D:4)
  2 steam dragons
  A water moccasin (D:7)
  2 ice beasts
  13 orc warriors
  2 sky beasts
  2 black bears
  2 ogres (D:5)
  5 centaurs
  2 bullfrogs
  2 kobold brigands
  5 scorpions
  6 wights
  14 killer bees
  4 howler monkeys
  7 electric eels
  4 hounds
  4 jellies
  4 orc priests
  2 sleepcaps
  4 iguanas
  Jessica (D:2)
  8 orc wizards
  4 hell rats (D:9)
  Robin (D:3)
  7 gnolls
  9 adders
  3 shadow imps
  2 white imps
  An adder skeleton (D:2)
  A worm (D:3)
  4 dart slugs
  31 orcs
  A bat zombie (D:2)
  5 endoplasms
  3 giant cockroaches
  14 goblins
  15 hobgoblins
  A jackal (D:1)
  20 kobolds
  5 quokkas
  7 ball pythons
  4 bats
  A frilled lizard (D:1)
  3 rats (D:9)
259 creatures vanquished.

Vanquished Creatures (others)
  A killer bee (D:8)
1 creature vanquished.

Grand Total: 260 creatures vanquished

Notes
Turn   | Place    | Note
-------+----------+-------------------------------------------
     0 | D:1      | pokeman the Deep Elf Hedge Wizard began the quest for the
                  | Orb.
     0 | D:1      | Reached XP level 1. HP: 10/10 MP: 7/7
   263 | D:1      | Reached XP level 2. HP: 15/15 MP: 2/9
   837 | D:1      | Reached skill level 5 in Spellcasting
  1014 | D:1      | Reached XP level 3. HP: 20/20 MP: 8/11
  1018 | D:1      | Learned a level 3 spell: Mephitic Cloud
  1021 | D:1      | Learned a level 2 spell: Call Imp
  1024 | D:1      | Learned a level 2 spell: Blink
  1725 | D:2      | Reached skill level 1 in Armour
  1815 | D:2      | Reached skill level 1 in Fighting
  1951 | D:2      | Found Qeidgh's Antique Weapon Boutique.
  1982 | D:2      | Found a faded altar of an unknown god.
  2253 | D:2      | Learned a level 3 spell: Ignite Poison
  2350 | D:2      | Noticed Jessica
  2359 | D:2      | Killed Jessica
  2360 | D:2      | Reached XP level 4. HP: 8/25 MP: 6/13
  2778 | D:3      | Noticed a black bear
  2789 | D:3      | Killed a black bear
  2790 | D:3      | Reached skill level 6 in Spellcasting
  2790 | D:3      | Reached XP level 5. HP: 17/29 MP: 8/15
  3563 | D:3      | Noticed Robin
  3575 | D:3      | Killed Robin
  3577 | D:3      | Reached XP level 6. HP: 34/34 MP: 6/17
  4032 | D:4      | Reached skill level 1 in Transmutations
  4320 | D:4      | Reached skill level 1 in Air Magic
  4378 | D:4      | Reached skill level 1 in Fire Magic
  4454 | D:4      | Reached skill level 1 in Poison Magic
  4499 | D:4      | Noticed Eustachio
  4518 | D:4      | Killed Eustachio
  4519 | D:4      | Reached skill level 1 in Shields
  4519 | D:4      | Reached skill level 7 in Spellcasting
  4519 | D:4      | Reached XP level 7. HP: 16/38 MP: 16/19
  4765 | D:5      | Entered Level 5 of the Dungeon
  5042 | D:5      | Reached skill level 8 in Spellcasting
  5281 | D:5      | Reached XP level 8. HP: 41/43 MP: 12/22
  5550 | D:5      | Reached skill level 9 in Spellcasting
  6321 | D:2      | Bought a brightly glowing orcbow for 187 gold pieces
  6321 | D:2      | Identified the +10 orcbow "Ultimatum" {speed, Int+4 Dex-2
                  | Stlth+} (You bought it in a shop on level 2 of the Dungeon)
  6398 | D:5      | Reached skill level 5 in Conjurations
  6590 | D:6      | Found Coizejow's Weapon Emporium.
  6604 | D:6      | Reached skill level 10 in Spellcasting
  6759 | D:6      | Found a staircase to the Ecumenical Temple.
  6843 | D:6      | Found an ornate altar of the Wu Jian Council.
  6844 | D:6      | Found a glowing golden altar of the Shining One.
  6966 | D:6      | Noticed Prince Ribbit
  6971 | D:6      | Killed Prince Ribbit
  7082 | D:6      | Found a runed translucent gate.
  7083 | D:6      | Found a runed translucent gate.
  7084 | D:6      | Found a runed translucent gate.
  7151 | D:6      | Noticed CowFu's ghost (novice GnDe)
  7534 | D:7      | Reached XP level 9. HP: 47/47 MP: 23/25
  7670 | D:7      | Found an ancient bone altar of Kikubaaqudgha.
  7672 | D:7      | Found an opulent altar of Gozag.
  7680 | D:7      | Found a basalt altar of Yredelemnul.
  7683 | D:7      | Found a burning altar of Makhleb.
  7684 | D:7      | Found a sacrificial altar of Ru.
  7690 | D:7      | Found a hide-covered altar of Uskayaw.
  7691 | D:7      | Found a sparkling altar of Nemelex Xobeh.
  7715 | D:7      | Found a glowing silver altar of Zin.
  7739 | D:7      | Reached skill level 5 in Fire Magic
  7742 | D:7      | Reached skill level 11 in Spellcasting
  8299 | Temple   | Entered the Ecumenical Temple
  8304 | Temple   | Became a worshipper of Vehumet
  8370 | D:8      | Noticed Maggie
  8378 | D:8      | Noticed Erica
  8384 | D:8      | Killed Maggie
  8395 | D:8      | Killed Erica
  8396 | D:8      | Reached skill level 12 in Spellcasting
  8610 | D:8      | Noticed Amaemon
  8625 | D:8      | Reached XP level 10. HP: 51/56 MP: 28/28
  8656 | D:8      | Noticed an orange demon
  8662 | D:8      | Killed an orange demon
  8662 | D:8      | Reached * piety under Vehumet
  8662 | D:8      | Offered knowledge of Shock by Vehumet.
  8666 | D:8      | Killed Amaemon
  8764 | D:8      | Reached skill level 13 in Spellcasting
  8939 | D:8      | Found a flagged portal.
  8948 | Bailey   | Entered a bailey
  9262 | Bailey   | Noticed an orc knight
  9292 | Bailey   | Killed an orc knight
  9431 | Bailey   | Identified the +5 scimitar of the Volcano {antimagic,
                  | rElec}
  9449 | Bailey   | Reached skill level 14 in Spellcasting
  9494 | Bailey   | Found the +0 toga "Victory" {*Victory Clar}
  9533 | Bailey   | Reached ** piety under Vehumet
  9533 | Bailey   | Offered knowledge of Freeze by Vehumet.
  9626 | Bailey   | Found an iron altar of Okawaru.
  9922 | D:8      | Reached XP level 11. HP: 19/60 MP: 29/31
 10656 | D:9      | Noticed a death yak
 10656 | D:9      | Noticed a death yak
 10686 | D:9      | Killed a death yak
 10754 | D:9      | Noticed a death yak
 10957 | D:9      | Noticed Erolcha
 10975 | D:9      | Killed Erolcha
 11153 | D:9      | Noticed a two-headed ogre
 11161 | D:9      | Killed a two-headed ogre
 11218 | D:9      | Reached skill level 15 in Spellcasting
 11312 | D:9      | Offered knowledge of Scorch by Vehumet.
 11498 | D:9      | Reached *** piety under Vehumet
 11561 | D:9      | Identified the +6 short sword "Beetleslayer" {heavy, Drain
                  | rC++ Dex+2}
 11574 | D:9      | Found a staircase to the Lair.
 11926 | D:9      | Killed a death yak
 11929 | D:9      | Killed a death yak
 12096 | D:10     | Entered Level 10 of the Dungeon
 12138 | D:10     | Reached skill level 5 in Shields
 12204 | D:10     | Noticed Sonja
 12211 | D:10     | Killed Sonja
 12212 | D:10     | Reached skill level 1 in Evocations
 12314 | D:10     | Identified the +4 hand axe of Vosib {heavy, rN+ Will+}
 12454 | D:10     | Found a bloodstained altar of Trog.
 12565 | D:10     | Noticed a two-headed ogre
 12574 | D:10     | Killed a two-headed ogre
 12596 | D:10     | Noticed Nergalle
 12601 | D:10     | Noticed a spectral orc warlord
 12605 | D:10     | HP: 2/57 [spectral orc warrior[Nergalle] (4)]
 12607 | D:10     | Succumbed to Nergalle's poison

Illustrated notes

Levels and vault maps discovered:
D:1:      ncdulo_smallfort, layout_basic, serial_forest,
          infiniplex_forest_zigzag_2, infiniplex_forest_clump_medium,
          infiniplex_forest_clump_diagonal, infiniplex_forest_clump_small,
          infiniplex_forest_straight_2, infiniplex_forest_straight_2,
          infiniplex_forest_lined_3_way, minmay_misc_feat_plants, st_stairs_1
D:2:      layout_basic, serial_undead, serial_undead_a, serial_undead_c,
          serial_undead_c, serial_undead_f,
          hellmonk_ecumenical_altar_crossroads, serial_shops,
          nicolae_shop_trees, dreamdust_princess_corridor, uniq_jessica
D:3:      layout_loops_ring, minmay_cupped, uniq_robin
D:4:      layout_basic, serial_bayou_pond_a, uniq_eustachio
D:5:      layout_layer_cave, minmay_between
D:6:      layout_loops_corners, mainiacjoe_overflow_divided_tiny,
          minmay_temple_entry_from_below_b, serial_glass, glass_columns_c,
          glass_columns_b, item_on_display_a, minmay_strange_pillars,
          minmay_strange_pillars, serial_shops, shop,
          gammafunk_ghost_necromancy, kennysheep_cross_bottleneck,
          uniq_prince_ribbit1
D:7:      layout_basic, nicolae_overflow_hallway_of_the_gods,
          nicolae_overflow_crystal_walls
D:8:      wad_river_or_something, layout_basic, enter_bailey_6, uniq_maggie,
          uniq_amaemon, uniq_erica
D:9:      layout_irregular_city, dpeg_lair_monsters, minmay_fountain_box,
          uniq_erolcha
D:10:     layout_roguey, mainiacjoe_overflow_brackets, minmay_statue_bubble,
          uniq_nergalle, uniq_sonja
Temple:   nicolae_temple_ecumenical_triangle

Skill      XL: |  1  2  3  4  5  6  7  8  9 10 11 |
---------------+----------------------------------+-----
Spellcasting   | 5 6 7 8 10 12 14 15 | 15.9
Armour         | 1 3 |  3.4
Fighting       | 1 3 |  3.0
Conjurations   | 2 3 4 5 6 8 9 |  9.4
Dodging        | 3 |  3.2
Stealth        | 3 |  3.2
Transmutations | 1 |  1.0
Air Magic      | 1 |  1.0
Fire Magic     | 1 3 4 6 7 8 |  8.9
Poison Magic   | 1 |  1.0
Shields        | 1 2 4 5 |  5.0
Evocations     | 1 |  1.0
Summonings     | |  1.1
Translocations | |  1.1

Action                     |  1- 3 |  4- 6 |  7- 9 | 10-12 || total
---------------------------+-------+-------+-------+-------++-------
  Melee: Dagger            |     5 |       |       |       ||     5
         Whip              |     4 |    25 |    35 |       ||    64
   Fire: Orcbow            |       |       |   108 |   286 ||   394
   Cast: Magic Dart        |   120 |    84 |    74 |     5 ||   283
         Mephitic Cloud    |     1 |     9 |    42 |    70 ||   122
         Ignite Poison     |       |     3 |    14 |    38 ||    55
         Blink             |       |       |     2 |     6 ||     8
         Call Imp          |       |       |       |     1 ||     1
    Use: Potion            |       |       |       |     1 ||     1
   Stab: Confused          |     1 |     5 |     6 |       ||    12
         Sleeping          |       |     1 |       |       ||     1
 Armour: Robe              |    12 |    15 |    41 |    52 ||   120
         Steam dragon scal |       |       |     4 |    23 ||    27
         Skin              |       |       |       |     1 ||     1
  Dodge: Dodged            |    10 |    15 |    56 |    36 ||   117
  Block: Other             |     4 |     6 |       |       ||    10
         Reflection        |     1 |       |       |       ||     1

Table legend: (Time is in decaauts)
 A = Elapsed time spent in this place.
 B = Non-inter-level travel time spent in this place.
 C = Inter-level travel time spent in this place.
 D = Time resting spent in this place.
 E = Time spent auto-exploring this place.
 F = Levels seen in this place.
 G = Mean time per level.
                   A        B        C        D        E       F      G
               +--------+--------+--------+--------+--------+-----+--------+
         Total |  12643 |  11826 |    817 |    698 |   8916 |  12 | 1053.6 |
       Dungeon |  11695 |  10882 |    813 |    572 |   8466 |  10 | 1169.5 |
        Temple |     10 |      6 |      4 |      0 |      0 |   1 |   10.0 |
        Bailey |    936 |    936 |      0 |    126 |    450 |   1 |  936.0 |
               +--------+--------+--------+--------+--------+-----+--------+

Top non-repeatable levels by time:
     D:1: 1542 daAuts
     D:8: 1536 daAuts
     D:5: 1420 daAuts
     D:2: 1278 daAuts
     D:3: 1215 daAuts
     D:9: 1203 daAuts
     D:6: 1086 daAuts
     D:4: 971 daAuts
  Bailey: 936 daAuts
     D:7: 925 daAuts
    D:10: 515 daAuts
  Temple: 10 daAuts
